 Dungeon Sprint DCSS version 0.20.1-1-g8b1a95d (webtiles) character file.

3914 wojtek the Bludgeoner (level 10, -2/96 HPs)
             Began as a Minotaur Fighter on Dec 30, 2017.
             Was a Priest of Makhleb.
             Slain by a demonic crawler (5 damage)
             ... in the Dungeon (Sprint I: "Red Sonja").
             The game lasted 00:03:16 (1440 turns).

wojtek the Bludgeoner (Minotaur Fighter)            Turns: 1440, Time: 00:03:17

Health: -2/96      AC:  9    Str: 25    XL:     10   Next: 1%
Magic:  14/14      EV: 13    Int:  5    God:    Makhleb [***...]
Gold:   636        SH: 12    Dex: 11    Spells: 9/9 levels left

rFire    . . .     SeeInvis .   a - +0 flail
rCold    . . .     Gourm    .   c - +0 shield
rNeg     . . .     Faith    .   b - +0 scale mail
rPois    .         Spirit   .   (helmet restricted)
rElec    .         Reflect  .   (no cloak)
rCorr    .         Harm     .   (no gloves)
MR       .....     NoTele   +   (no boots)
Stlth    ..........             (no amulet)
Regen    0.3/turn               p - +2 ring of dexterity
MPRegen  0.2/turn               (no ring)

@: no status effects
A: retaliatory headbutt, horns 2
a: Minor Destruction, Lesser Servant of Makhleb, Renounce Religion


You were in the Dungeon.
You worshipped Makhleb.
Makhleb was most pleased with you.
You were not hungry.

You visited 1 branch You collected 636 gold pieces.

Inventory:

Hand Weapons
 a - a +0 flail (weapon)
Armour
 b - a +0 scale mail (worn)
 c - a +0 shield (worn)
Jewellery
 p - a +2 ring of dexterity (left hand)
Scrolls
 k - a scroll of blinking
 m - a scroll of torment {unknown}
 n - 2 scrolls of identify {unknown}
 o - a scroll of magic mapping {unknown}
Potions
 d - a potion of might
 e - 2 potions of curing
 h - a potion of haste
 i - 2 potions of magic


   Skills:
 + Level 11.6 Fighting
 * Level 15.1 Maces & Flails
 * Level 13.1 Armour
 + Level 8.5 Dodging
 + Level 10.1 Shields
 * Level 7.0 Invocations


You had 9 spell levels left.
You didn't know any spells.

Dungeon Overview and Level Annotations

Branches:
Dungeon (1/1)

Altars:
Cheibriados
Dithmenos
Elyvilon
Fedhas
Gozag
Hepliaklqana
Kikubaaqudgha
Makhleb
Nemelex Xobeh
Okawaru
Qazlal
Ru
Sif Muna
Trog
Uskayaw
Vehumet
Xom
Yredelemnul
Zin
The Shining One
Jiyva
Lugonu

Shops:
D :[


Innate Abilities, Weirdness & Mutations

You reflexively headbutt those who attack you in melee.
You have a pair of horns on your head.


Message History

The demonic crawler is severely wounded.
You block the demonic crawler's attack.
The demonic crawler hits you but does no damage.
The demonic crawler hits you.
* * * LOW HITPOINT WARNING * * *
You hit the demonic crawler but do no damage.
You headbutt the demonic crawler, but do no damage.
The demonic crawler is severely wounded.
The demonic crawler hits you but does no damage.
The demonic crawler barely misses you. The demonic crawler misses you.
You barely miss the demonic crawler. You headbutt the demonic crawler.
The demonic crawler is severely wounded.
You block the demonic crawler's attack. The demonic crawler barely misses you.
The demonic crawler hits you but does no damage.
You sock the demonic crawler!
Your headbutt misses the demonic crawler.
The demonic crawler is almost dead.
You block the demonic crawler's attack. The demonic crawler barely misses you.
The demonic crawler hits you.
You die...

##########################
#<.#..)..#..'..#__#.))...#
#..').#..').#.s'..s..#...##+#
#..#####'#####s#__####...'..#
#..####..#...#s####§§#####..+
#..#__####..##@#≈≈§§.#..# ##
#..#_____##'#..§§§§§.§..#
#⌠⌠#_.∩...§..._#≈§§..#§§#
####_..__##_.#'##'#####'#
#_____###+#.#..[.###.+
####### ####'###)###
+.....'.∩# ##########


You could see 3 demonic crawlers.

Vanquished Creatures
  2 centaur warriors (D)
  A deep troll (D)
  An oklob plant (D)
  2 kobold demonologists (D)
  A demonic crawler (D)
  A hornet (D)
  A slime creature (D)
  Sigmund (D)
  A yak (D)
  A floating eye (D)
  An ogre (D)
  A jelly (D)
  Ijyb (D)
15 creatures vanquished.

Vanquished Creatures (others)
  A gargoyle (D)
1 creature vanquished.

Grand Total: 16 creatures vanquished

Notes
Turn   | Place    | Note
-------+----------+-------------------------------------------
     0 | D        | wojtek the Minotaur Fighter began the quest for the Orb.
     0 | D        | Reached XP level 1. HP: 19/19 MP: 0/0
     2 | D        | Noticed Ijyb
     9 | D        | Killed Ijyb
     9 | D        | Reached skill level 5 in Fighting
     9 | D        | Reached skill level 6 in Maces & Flails
     9 | D        | Reached XP level 2. HP: 26/29 MP: 1/1
    33 | D        | Noticed an ogre
    41 | D        | Killed an ogre
    41 | D        | Reached skill level 9 in Maces & Flails
    41 | D        | Reached XP level 3. HP: 17/39 MP: 2/2
    41 | D        | Reached XP level 4. HP: 21/47 MP: 3/3
   216 | D        | Noticed Sigmund
   230 | D        | Killed Sigmund
   230 | D        | Reached skill level 10 in Maces & Flails
   230 | D        | Reached skill level 5 in Shields
   230 | D        | Reached XP level 5. HP: 35/53 MP: 4/4
   230 | D        | Reached XP level 6. HP: 40/61 MP: 5/5
   343 | D        | Found a burning altar of Makhleb.
   343 | D        | Found a viscous altar of Jiyva.
   343 | D        | Found a shimmering altar of Xom.
   343 | D        | Found a corrupted altar of Lugonu.
   343 | D        | Noticed a slime creature
   352 | D        | Killed a slime creature
   352 | D        | Reached skill level 11 in Maces & Flails
   355 | D        | Became a worshipper of Makhleb the Destroyer
   433 | D        | Found a deep blue altar of Sif Muna.
   435 | D        | Found a radiant altar of Vehumet.
   470 | D        | Found Toetawnok's Book Emporium.
   470 | D        | Found an ancient bone altar of Kikubaaqudgha.
   470 | D        | Found a hazy altar of Hepliaklqana.
   470 | D        | Found a stormy altar of Qazlal.
   470 | D        | Found a hide-covered altar of Uskayaw.
   470 | D        | Found a blossoming altar of Fedhas.
   470 | D        | Found a bloodstained altar of Trog.
   470 | D        | Found an iron altar of Okawaru.
   470 | D        | Found a basalt altar of Yredelemnul.
   470 | D        | Found a glowing golden altar of the Shining One.
   470 | D        | Found a snail-covered altar of Cheibriados.
   470 | D        | Found a sacrificial altar of Ru.
   470 | D        | Found a glowing silver altar of Zin.
   470 | D        | Found a shadowy altar of Dithmenos.
   470 | D        | Found a white marble altar of Elyvilon.
   470 | D        | Noticed a yak
   479 | D        | Killed a yak
   479 | D        | Reached skill level 12 in Maces & Flails
   479 | D        | Reached skill level 5 in Dodging
   479 | D        | Reached XP level 7. HP: 63/70 MP: 6/6
   480 | D        | Found an opulent altar of Gozag.
   483 | D        | Found a sparkling altar of Nemelex Xobeh.
   512 | D        | Noticed a kobold demonologist
   513 | D        | Noticed a kobold demonologist
   517 | D        | Noticed an orange demon
   519 | D        | Paralysed by a floating eye for 3 turns
   527 | D        | Paralysed by a floating eye for 2 turns
   531 | D        | Killed a kobold demonologist
   531 | D        | Reached * piety under Makhleb
   533 | D        | Reached skill level 10 in Armour
   536 | D        | Noticed a sixfirhy
   541 | D        | Noticed a chaos spawn
   542 | D        | Killed a kobold demonologist
   542 | D        | Reached skill level 10 in Fighting
   542 | D        | Reached skill level 13 in Maces & Flails
   542 | D        | Reached XP level 8. HP: 52/79 MP: 7/7
   665 | D        | Noticed a centaur warrior
   666 | D        | Noticed a centaur warrior
   677 | D        | Killed a centaur warrior
   677 | D        | Reached ** piety under Makhleb
   697 | D        | Killed a centaur warrior
   697 | D        | Reached skill level 14 in Maces & Flails
   697 | D        | Reached skill level 5 in Invocations
   697 | D        | Reached XP level 9. HP: 53/89 MP: 9/11
   896 | D        | Noticed a deep troll
   906 | D        | HP: 6/133 [deep troll (14)]
   911 | D        | Killed a deep troll
   911 | D        | Reached *** piety under Makhleb
   923 | D        | Found Plog's Armour Emporium.
   944 | D        | Killed a gargoyle
  1217 | D        | Noticed an oklob plant
  1227 | D        | Killed an oklob plant
  1227 | D        | Reached skill level 15 in Maces & Flails
  1227 | D        | Reached skill level 10 in Shields
  1398 | D        | Noticed a demonic crawler
  1398 | D        | Noticed a demonic crawler
  1398 | D        | Noticed a demonic crawler
  1398 | D        | Noticed a demonic crawler
  1418 | D        | Killed a demonic crawler
  1418 | D        | Reached XP level 10. HP: 49/96 MP: 14/14
  1437 | D        | HP: 3/96 [demonic crawler (6)]
  1440 | D        | Slain by a demonic crawler

Skill      XL: |  1  2  3  4  5  6  7  8  9 |
---------------+----------------------------+-----
Fighting       | 5 7 8 9 10 11 | 11.6
Maces & Flails | 6 9 10 12 13 14 15 | 15.1
Armour         | 6 9 10 12 13 | 13.1
Dodging        | 3 5 6 7 8 |  8.5
Shields        | 5 6 8 9 10 | 10.1
Invocations    | 5 7 |  7.0

Action                   |  1- 3 |  4- 6 |  7- 9 | 10-12 || total
-------------------------+-------+-------+-------+-------++-------
Melee: Flail             |    14 |    32 |    73 |    21 ||   140
       Headbutt          |     3 |     7 |    19 |     8 ||    37
  Use: Potion            |       |       |     1 |     1 ||     2
  Eat: Bread ration      |       |       |     1 |       ||     1
Armor: Scale mail        |     2 |     2 |    36 |    13 ||    53
Dodge: Dodged            |     5 |     2 |    40 |    16 ||    63
Block: Shield            |     4 |    14 |    42 |    20 ||    80
